 Dungeon Crawl Stone Soup version 0.30.1-4-g462c640d31 (webtiles) character file.

Game seed: 15548820973434872659

26700 wingedge the Fighter (level 12, -2/101 HPs)
             Began as a Demigod Earth Elementalist on Aug 30, 2023.
             Slain by a reaper
             ... wielding a +2 scythe of freezing
              (23 damage)
             ... in an ice cave.
             The game lasted 00:56:16 (18437 turns).

wingedge the Fighter (Demigod Earth Elementalist)  Turns: 18437, Time: 00:56:16

Health: -2/101     AC: 19    Str: 13    XL:     12   Next: 63%
Magic:  4/25       EV: 15    Int: 35    God:
Gold:   984        SH:  8    Dex: 14    Spells: 12/23 levels left

rFire   . . .        a - +8 whip "Snakebite" {venom, curare, rPois}
rCold   + + +        K - +3 warlock's mirror {omnireflect}
rNeg    . . .        M - +3 ring mail
rPois   +            (no helmet)
rElec   .            O - +1 cloak {rCorr}
rCorr   +            Q - +1 pair of gloves "Wasuxyj" {rCorr}
SInv    .            z - +1 pair of boots
Will    +....        X - amulet of magic regeneration
Stlth   +            e - +4 ring of protection
HPRegen 0.36/turn    c - ring "Siag" {rC+++ EV+5 Int+6}
MPRegen 0.59/turn

%: reflection
@: liquefying, slowed movement, very slow
A: high MP 1, forlorn, divine attributes
a: no special abilities


You were in an ice cave.
You visited 2 branches of the dungeon, and saw 13 of its levels.
You also visited: Ice Cave and Volcano.

You collected 1134 gold pieces.
You spent 150 gold pieces at shops.

Inventory:

Hand Weapons
 a - the +8 whip "Snakebite" (weapon) {venom, curare, rPois}
   (You took it off Amaemon on level 8 of the Dungeon)

   rPois:     It protects you from poison.
 A - a +4 flail
 C - a +2 flail of freezing
Missiles
 o - 3 throwing nets
Armour
 y - the +0 ring mail of Qarir {Regen+ Dex+3}
   (You found it on level 4 of the Dungeon)

   Dex:       It affects your dexterity (+3).
   Regen:     It increases your rate of health regeneration.
 z - a +1 pair of boots (worn)
 I - a +2 robe of positive energy
 K - the +3 warlock's mirror (worn) {omnireflect}
   (You took it off an orc on level 9 of the Dungeon)

   Omnireflect: It can block and reflect piercing ranged attacks and magical
   attacks against the wielder's willpower.
 L - a +2 leather armour of resistance
 M - a +3 ring mail (worn)
 O - a +1 cloak of preservation (worn)
 P - a +1 scale mail of fire resistance
 Q - the +1 pair of gloves "Wasuxyj" (worn) {rCorr}
   (You found it in a volcano)

   rCorr:     It protects you from acid and corrosion.
Magical Staves
 b - a staff of earth
Jewellery
 c - the ring "Siag" (right hand) {rC+++ EV+5 Int+6}
   (You found it on level 8 of the Dungeon)

   [ring of evasion]

   EV:        It affects your evasion (+5).
   Int:       It affects your intelligence (+6).
   rC:        It renders you almost immune to cold.
 e - a +4 ring of protection (left hand)
 v - a ring of protection from fire
 X - an amulet of magic regeneration (around neck)
 Y - a ring of wizardry
Wands
 f - a wand of polymorph (1)
 h - a wand of digging (6)
 m - a wand of light (1)
 p - a wand of iceblast (3) (quivered)
 t - a wand of flame (30)
 Z - a wand of paralysis (7)
Scrolls
 d - a scroll of poison
 g - 2 scrolls of teleportation
 l - 2 scrolls of silence
 q - 6 scrolls of fog
 r - 3 scrolls of immolation
 w - 2 scrolls of magic mapping
 E - a scroll of fear {unknown}
 G - a scroll of enchant weapon {unknown}
 H - 2 scrolls of vulnerability {unknown}
 J - 2 scrolls of enchant armour {unknown}
 N - a scroll of brand weapon {unknown}
 S - a scroll of acquirement {unknown}
 T - a scroll of blinking
Potions
 i - 4 potions of might
 j - 3 potions of haste
 k - 7 potions of heal wounds
 n - 3 potions of cancellation
 s - 6 potions of curing
 u - 3 potions of mutation {unknown}
 x - 3 potions of berserk rage {unknown}
 B - 2 potions of magic
 F - a potion of flight {unknown}
 R - a potion of invisibility {unknown}
 U - a potion of ambrosia {unknown}
 V - a potion of brilliance {unknown}
 W - 2 potions of resistance {unknown}


   Skills:
 + Level 8.1 Fighting
 + Level 7.7 Maces & Flails
 + Level 5.0 Armour
 + Level 2.1 Dodging
 - Level 2.0 Stealth
 + Level 5.0 Shields
 + Level 6.0 Spellcasting
 - Level 7.0 Conjurations
 + Level 7.5 Hexes
 + Level 3.0 Transmutations
 + Level 3.5 Fire Magic
 - Level 8.0 Earth Magic
 + Level 3.0 Poison Magic


You had 12 spell levels left.
You knew the following spells:

 Your Spells              Type           Power      Damage    Failure   Level
a - Sandblast             Erth           100%       2d20      1%          1
b - Stone Arrow           Conj/Erth      100%       3d13      1%          3
c - Leda's Liquefaction   Hex/Erth       30%        N/A       4%          4
d - Ignite Poison         Fire/Tmut/Pois 33%        N/A       9%          3

Your spell library contained the following spells:

 Spells                   Type           Power      Damage    Failure   Level
 Passwall                 Tmut/Erth      40%        N/A       1%          2
 Confusing Touch          Hex            59%        N/A       1%          3
 Kiss of Death            Conj/Necr      100%       2d13      2%          1
 Ensorcelled Hibernation  Hex/Ice        74%        N/A       3%          2
 Portal Projectile        Hex/Tloc       74%        N/A       6%          3
 Summon Guardian Golem    Hex/Summ       37%        N/A       6%          3
 Spider Form              Tmut/Pois      32%        N/A       9%          3
 Petrify                  Tmut/Erth      49%        N/A       11%         4
 Sticky Flame             Conj/Fire      47%        2d6       12%         4
 Anguish                  Hex/Necr       18%        N/A       22%         4
 Call Canine Familiar     Summ           10%        N/A       30%         3
 Dispel Undead            Necr           10%        3d9       69%         4
 Conjure Ball Lightning   Conj/Air       17%        3x3d6     98%         6
 Dragon Form              Tmut           16%        N/A       100%        7
 Haunt                    Necr/Summ      5%         N/A       100%        7
 Discord                  Hex            29%        N/A       100%        8
 Disjunction              Tloc           5%         N/A       100%        8
 Ignition                 Fire           17%        3d7       100%        8


Dungeon Overview and Level Annotations

Branches:
Dungeon (10/15)            Temple (0/1) D:6            Lair (3/5) D:10
 Shoals (0/4) Lair:3        Snake (0/4) Lair:3          Orc (0/2) D:9
  IceCv (1/1)             Volcano (visited)

Shops:
D:2 ?   D:4 ?   D:5 (

Annotations:
D:3 1 runed translucent door, Crazy Yiuf


Innate Abilities, Weirdness & Mutations

You have an increased reservoir of magic. (+10% MP)
You shall have no god before yourself.
Your divine heritage dramatically boosts your attributes as you level up.


Message History

The reaper resists.
Your wolf simulacrum bites the reaper.
Your wolf simulacrum freezes the reaper.
The reaper resists.
The reaper barely misses your wolf simulacrum.
Casting: Stone Arrow (safe; 1% risk of failure)
Confirm with . or Enter, or press ? or * to list all spells.
Aiming: Stone Arrow (safe; 1% risk of failure)
Press: ? - help, Shift-Dir - straight line, f/p - reaper
Aim: a reaper, wielding a +2 scythe of freezing (severely wounded, not watching you, ally target, 78% to hit)
The stone arrow hits the reaper!
The reaper is almost dead.
Your wolf simulacrum barely misses the reaper.
Casting: Stone Arrow (safe; 1% risk of failure)
Confirm with . or Enter, or press ? or * to list all spells.
Aiming: Stone Arrow (safe; 1% risk of failure)
Press: ? - help, Shift-Dir - straight line, f/p - reaper
Aim: a reaper, wielding a +2 scythe of freezing (almost dead, ally target, 78% to hit)
The stone arrow misses the reaper.
The stone arrow hits the two-headed ogre simulacrum!!
The two-headed ogre simulacrum is severely damaged.
Your wolf simulacrum closely misses the reaper. x2
Casting: Stone Arrow (safe; 1% risk of failure)
Confirm with . or Enter, or press ? or * to list all spells.
Aiming: Stone Arrow (safe; 1% risk of failure)
Press: ? - help, Shift-Dir - straight line, f/p - reaper
Aim: a reaper, wielding a +2 scythe of freezing (almost dead, ally target, 78% to hit)
The stone arrow misses the reaper.
The stone arrow hits the two-headed ogre simulacrum!
The two-headed ogre simulacrum vaporises!
Your wolf simulacrum bites the reaper but does no damage.
The reaper hits your wolf simulacrum with a +2 scythe of freezing!!!
Your wolf simulacrum vaporises!
Casting: Stone Arrow (safe; 1% risk of failure)
Confirm with . or Enter, or press ? or * to list all spells.
Aiming: Stone Arrow (safe; 1% risk of failure)
Press: ? - help, Shift-Dir - straight line, f/p - reaper
Aim: a reaper, wielding a +2 scythe of freezing (almost dead, 78% to hit)
The stone arrow misses the reaper.
The reaper hits you from afar with a +2 scythe of freezing!!
You die...

### ##.##
###...##
#.#....#
##°.2.@.#
#.#☼#[#.#
##.#####.#
#.## ##.#
##.####..#
##.##..##
##2##.##
..Z.
#.##..#
..Z.
##2##.##


You could see a reaper.

Vanquished Creatures
  Erica (D:8)
  3 death yaks (Lair:1)
  Amaemon (D:8)
  The ghost of bairyn the Covert, a novice SpRe (D:9)
  A deep elf pyromancer (D:8)
  Pikel (D:7)
  3 ugly things
  4 elephants (Lair:1)
  An ice statue (IceCv)
  4 black mambas (Lair:3)
  An orange demon (D:8)
  6 cane toads
  A freezing wraith (IceCv)
  An efreet (Volcano)
  A rime drake (Lair:2)
  2 komodo dragons
  An ice devil (IceCv)
  4 trolls
  A hornet (D:7)
  A polar bear (Lair:2)
  11 blink frogs (Lair:2)
  2 shadows (D:10)
  A wraith (D:9)
  4 wyverns
  15 yaks
  3 fire elementals (Volcano)
  4 death yak simulacra (IceCv)
  3 vampire mosquitoes (D:10)
  3 steam dragons
  A warg (D:9)
  A hydra simulacrum (IceCv)
  An acid dragon (D:10)
  Duvessa (D:7)
  11 water moccasins
  6 orc warriors
  2 sky beasts
  3 ice beasts
  A black bear (D:6)
  An ogre (D:7)
  4 centaurs
  2 lemures (D:7)
  2 phantoms (D:5)
  2 kobold brigands
  6 bullfrogs
  A scorpion (D:5)
  2 gnoll sergeants (D:8)
  9 two-headed ogre simulacra (IceCv)
  2 cane toad simulacra (IceCv)
  5 wights (D:9)
  Dowan (D:7)
  An elephant simulacrum (IceCv)
  5 killer bees (D:8)
  4 hounds
  A jelly (D:5)
  5 orc priests
  2 sleepcaps (D:5)
  3 iguanas
  Natasha (thrice) (D:3)
  3 spriggan simulacra (IceCv)
  11 orc wizards
  4 troll simulacra (IceCv)
  2 polar bear simulacra (IceCv)
  A wolf simulacrum (IceCv)
  12 gnolls
  5 naga simulacra (IceCv)
  3 adders
  A shadow imp (D:6)
  23 white imps
  7 ufetubi
  A worm (D:3)
  3 dart slugs
  58 orcs
  6 endoplasms
  A giant cockroach (D:3)
  4 goblins
  9 hobgoblins
  7 jackals
  6 quokkas
  4 ball pythons
  13 bats
  4 frilled lizards
  16 kobolds
  4 rats
381 creatures vanquished.

Notes
Turn   | Place    | Note
-------+----------+-------------------------------------------
     0 | D:1      | wingedge the Demigod Earth Elementalist began the quest for
                  | the Orb.
     0 | D:1      | Reached XP level 1. HP: 14/14 MP: 5/5
   357 | D:1      | Reached XP level 2. HP: 20/20 MP: 4/7
   721 | D:1      | You fall into a shaft and drop 1 floor!
   785 | D:1      | Reached XP level 3. HP: 26/26 MP: 4/8
  1156 | D:2      | Found Zufyw's Magic Scroll Boutique.
  1193 | D:2      | Bought a scroll of identify for 24 gold pieces
  1651 | D:3      | Noticed Natasha
  1659 | D:3      | Killed Natasha
  1711 | D:3      | Learned a level 3 spell: Stone Arrow
  1739 | D:3      | Reached XP level 4. HP: 34/34 MP: 7/9
  1941 | D:3      | Noticed Natasha
  1950 | D:3      | Killed Natasha
  1951 | D:3      | Reached skill level 1 in Fighting
  1951 | D:3      | Reached skill level 1 in Conjurations
  1965 | D:3      | Noticed Natasha
  2064 | D:3      | Killed Natasha
  2485 | D:3      | Found a runed translucent door.
  2486 | D:3      | Noticed Crazy Yiuf
  2630 | D:4      | Identified the +0 ring mail of Qarir {Regen+ Dex+3}
  2643 | D:4      | Identified the +1 ring mail "Mah Zen" {rCorr}
  2938 | D:4      | Reached XP level 5. HP: 36/40 MP: 8/11
  3079 | D:4      | Found Veaq's Magic Scroll Shop.
  3084 | D:4      | Bought a scroll of blinking for 90 gold pieces
  3153 | D:4      | HP: 2/41 [orc/+0 flail (8)]
  3622 | D:5      | Entered Level 5 of the Dungeon
  3622 | D:5      | Found Kauvu Doda's Antique Weapon Shop.
  3876 | D:5      | Reached XP level 6. HP: 30/48 MP: 3/14
  4051 | D:4      | Bought a scroll of teleportation for 36 gold pieces
  4211 | D:5      | Noticed a water moccasin
  4221 | D:5      | Killed a water moccasin
  4222 | D:5      | Reached skill level 1 in Armour
  4394 | D:5      | Reached XP level 7. HP: 45/55 MP: 2/16
  5256 | D:5      | Reached skill level 5 in Conjurations
  5256 | D:5      | Reached skill level 5 in Earth Magic
  5379 | D:6      | Noticed a troll
  5383 | D:6      | Killed a troll
  5384 | D:6      | Reached XP level 8. HP: 48/62 MP: 1/17
  5567 | D:6      | Found a runed translucent door.
  5923 | D:6      | Found a staircase to the Ecumenical Temple.
  7815 | D:7      | Noticed Duvessa
  7815 | D:7      | Noticed Dowan
  7818 | D:7      | Noticed a hornet
  7822 | D:7      | Killed Dowan
  7840 | D:7      | Reached skill level 1 in Maces & Flails
  8184 | D:7      | Reached XP level 9. HP: 71/71 MP: 7/18
  8729 | D:7      | Noticed Pikel
  8734 | D:7      | Killed Pikel
  8844 | D:7      | Reached skill level 5 in Fighting
  9153 | D:7      | Killed Duvessa
  9155 | D:7      | Reached skill level 5 in Spellcasting
  9512 | D:8      | Identified the ring "Siag" {rC+++ EV+5 Int+6}
  9559 | D:8      | Reached skill level 1 in Hexes
  9829 | D:8      | Noticed Amaemon
  9829 | D:8      | Noticed a deep elf pyromancer
  9831 | D:8      | Noticed an orange demon
  9869 | D:8      | Killed an orange demon
  9870 | D:8      | Noticed a purple ugly thing
  9976 | D:7      | Learned a level 4 spell: Leda's Liquefaction
 10163 | D:8      | Noticed Erica
 10166 | D:8      | Killed Erica
 10167 | D:8      | Reached XP level 10. HP: 79/81 MP: 11/21
 10355 | D:8      | Killed Amaemon
 10508 | D:8      | Killed a deep elf pyromancer
 10509 | D:8      | Reached skill level 5 in Maces & Flails
 10956 | D:8      | Killed a purple ugly thing
 11652 | D:9      | Reached skill level 5 in Hexes
 11859 | D:9      | Found a staircase to the Orcish Mines.
 12220 | D:9      | Found a runed translucent gate.
 12221 | D:9      | Found a runed translucent gate.
 12222 | D:9      | Noticed bairyn's ghost (novice SpRe)
 12223 | D:9      | Found a runed translucent gate.
 12725 | D:9      | Killed bairyn's ghost
 12726 | D:9      | Reached XP level 11. HP: 79/89 MP: 20/23
 12881 | D:10     | Entered Level 10 of the Dungeon
 12995 | D:10     | Reached skill level 1 in Shields
 13514 | D:10     | Found a staircase to the Lair.
 13879 | Lair:1   | Entered Level 1 of the Lair of Beasts
 13897 | Lair:1   | Found a dark tunnel.
 13919 | Volcano  | Entered a volcano
 14008 | Volcano  | Reached skill level 5 in Armour
 14011 | Volcano  | Identified the +1 pair of gloves "Wasuxyj" {rCorr}
 14506 | Lair:1   | Noticed a death yak
 14506 | Lair:1   | Noticed a death yak
 14550 | Lair:1   | Noticed a death yak
 14564 | Lair:1   | Killed a death yak
 14722 | Lair:1   | Killed a death yak
 14730 | Lair:1   | Killed a death yak
 15126 | Lair:1   | Learned a level 3 spell: Ignite Poison
 15150 | Lair:1   | Reached skill level 1 in Transmutations
 15348 | Lair:1   | Got the Quarto of Cooperative Alteration
 15682 | Lair:2   | Reached skill level 5 in Shields
 15682 | Lair:2   | Reached skill level 1 in Fire Magic
 15691 | Lair:2   | Reached skill level 1 in Poison Magic
 15694 | Lair:2   | Reached XP level 12. HP: 55/100 MP: 13/25
 17196 | Lair:3   | Found a staircase to the Snake Pit.
 17252 | Lair:3   | Found a frozen archway.
 17264 | IceCv    | Entered an ice cave
 18391 | IceCv    | Noticed a reaper
 18437 | IceCv    | Slain by a reaper

Illustrated notes

Levels and vault maps discovered:
D:1:      lightli_arrival_maybe_door_vault, layout_loops_ring,
          minmay_hexomino_p4
D:2:      layout_basic, serial_shops, nicolae_shop_tiny_statue_garden
D:3:      layout_basic, hellmonk_ecumenical_altar_arch_garden,
          nicolae_eternal_life, uniq_crazy_yiuf_cottage, uniq_natasha
D:4:      layout_rooms, lemuel_tele_altar, serial_shops,
          nicolae_shop_hallway_stairs
D:5:      minmay_inner_zag, layout_loops_ring, serial_shops, shop, hex_tiny
D:6:      layout_basic, nzn_wu_jian_council_hall,
          minmay_temple_entry_large_hall, lightli_church_of_beogh
D:7:      layout_basic, uniq_pikel, uniq_duvessa
D:8:      layout_gridville, nicolae_gozag_cash_rules_everything_around_me,
          uniq_amaemon, uniq_erica
D:9:      layout_roguey, mainiacjoe_overflow_swirl, erik_orc_4,
          biasface_ghost_orc_armoury
D:10:     layout_long_grid, david_lair_shrubbed
Lair:1:   layout_hall_layers, enter_volcano_2, grunt_megastairs_1
Lair:2:   layout_hall_layers
Lair:3:   layout_regular_city, minmay_shoals_entry_hut,
          minmay_snake_entry_six_corridors, portal_ice_cave_entry_imps,
          minivault_24
IceCv:    ice_cave_caverns_02

Skill      XL: |  1  2  3  4  5  6  7  8  9 10 11 12 |
---------------+-------------------------------------+-----
Spellcasting   | 2 3 4 5 6 |  6.0
Earth Magic    | 3 4 5 6 7 8 |  8.0
Dodging        | 2 |  2.1
Stealth        | 2 |  2.0
Fighting       | 1 2 4 5 6 7 8 |  8.1
Conjurations   | 1 2 4 5 6 7 |  7.0
Armour         | 1 2 3 4 5 |  5.0
Maces & Flails | 1 4 5 6 7 |  7.7
Hexes          | 3 5 6 7 |  7.5
Shields        | 5 |  5.0
Transmutations | 1 3 |  3.0
Fire Magic     | 1 3 |  3.5
Poison Magic   | 1 3 |  3.0

Action                     |  1- 3 |  4- 6 |  7- 9 | 10-12 || total
---------------------------+-------+-------+-------+-------++-------
  Melee: Mace              |       |     8 |     6 |       ||    14
         Dagger            |       |     6 |    39 |       ||    45
         Punch             |       |       |     1 |       ||     1
         Whip              |       |       |       |   376 ||   376
   Cast: Sandblast         |    70 |    65 |     9 |     7 ||   151
         Stone Arrow       |       |    18 |   144 |   243 ||   405
         Leda's Liquefacti |       |       |     2 |    29 ||    31
         Ignite Poison     |       |       |       |     9 ||     9
  Evoke: Wand              |       |     1 |     6 |     2 ||     9
    Use: Scroll            |     3 |     8 |     8 |     6 ||    25
         Potion            |       |       |       |     3 ||     3
 Armour: Robe              |     4 |    14 |       |       ||    18
         Ring mail         |       |       |    35 |   114 ||   149
  Dodge: Dodged            |    14 |    27 |    60 |   218 ||   319
  Block: Buckler           |       |       |       |    95 ||    95
         Reflection        |       |       |       |     7 ||     7
